[Event "*** Titled Tuesday Blitz"]
[Site "Chess.com"]
[Date "2021.03.09"]
[Round "7"]
[White "WilliamSchill"]
[Black "SergeyShtyka"]
[Result "1/2-1/2"]
[WhiteElo "2055"]
[BlackElo "2427"]
[TimeControl "180+1"]
[EndTime "11:21:03 PST"]
[Termination "Game drawn by repetition"]

1. e4 c5 2. Nf3 Nc6 3. d4 cxd4 4. Nxd4 Nf6 5. Nc3 e5 6. Ndb5 h6 7. Nd6+ Bxd6 8. Qxd6 Qe7 9. Qxe7+ Kxe7 10. Bd2 d6 11. O-O-O Be6 12. f3 Rac8 13. Bb5 Nd4 14. Ba4 a6 15. Be3 b5 16. Bb3 Nxb3+ 17. axb3 Rc7 18.
Bb6 Rc6 19. Ba5 Nd7 20. Nd5+ Bxd5 21. Rxd5 Nc5 22. Kb1 Nb7 23. Bb4 a5 24. Bd2 Rc5 25.
Rxc5 dxc5 26. Be3 Rd8 27. Kc1 h5 28. Rd1 Rxd1+ 29. Kxd1 g6 30. c4 b4 31. Kc2 Kd6 32. Bh6 Nd8 33. Bf8+ Kc6 34. Bg7 Kd6 35. Bf8+ Kc6 36.
Bg7 Kd6 37. Bf8+ 1/2-1/2

[Event "*** Titled Tuesday Blitz"]
[Site "Chess.com"]
[Date "2021.03.09"]
[Round "7"]
[White "Mikasinski"]
[Black "BJthechessgod"]
[Result "1-0"]
[WhiteElo "2462"]
[BlackElo "2283"]
[TimeControl "180+1"]
[EndTime "11:21:03 PST"]
[Termination "Mikasinski won by resignation"]

1. e4 c5 2. Nf3 e6 3. d4 cxd4 4. Nxd4 Nc6 5. Nc3 Qc7 6. Be2 a6 7. O-O Nf6 8. Be3 Be7 9. f4 d6 10. Kh1 O-O 11. Qe1 Nxd4 12. Bxd4 b5 13. a3 Bb7 14. Qg3 Bc6 15. Bd3 Nh5 16. Qh3 g6 17. f5 e5 18. Be3 Rab8 19. Bh6 Rfe8 20. fxg6 hxg6 21. Rf3 Bd7 22. g4 Nf6 23. Rg1 Be6 24. Bg5 Nh7 25. Bxe7 Qxe7 26. Qh6 Ng5 27. Re3 b4 28. axb4 Rxb4 29. h4 Nh7 30. g5 Rxb2 31. h5 gxh5 32. Qxh5 Qf8 33. g6 fxg6 34. Qxg6+ Kh8 35.
Nd5 Bxd5 36. exd5 Rb7 37. Rh3 Ree7 38. Qxd6 e4 39. Bxe4 Rf7 40. Qe5+ Rf6 41. Rg6 Rf7 42. Rxf6 Rxf6 43. Rxh7+ Kg8 44. Qg5+ 1-0

[Event "*** Titled Tuesday Blitz"]
[Site "Chess.com"]
[Date "2021.03.09"]
[Round "7"]
[White "Reader777"]
[Black "Airquake"]
[Result "1-0"]
[WhiteElo "2804"]
[BlackElo "2602"]
[TimeControl "180+1"]
[EndTime "11:21:05 PST"]
[Termination "Reader777 won on time"]

1. d4 Nf6 2. c4 e6 3. g3 g6 4. Bg2 Bg7 5. Nf3 O-O 6. O-O d6 7. Nc3 c6 8. b3 Nbd7 9. Ba3 c5 10. Qd2 a6 11. Rad1 Qc7 12. e4 Rb8 13. Rfe1 b5 14.
dxc5 dxc5 15. cxb5 axb5 16. Bb2 b4 17. Na4 c4 18.
bxc4 Qa5 19. Qc2 Ra8 20. e5 Nh5 21. Qe4 Qxa4 22. g4 f5 23. exf6 Nhxf6 24. Qxe6+ Kh8 25. Ng5 Ra7 26. Nf7+ Rxf7 27. Qxf7 Qc2 28. Re8+ Nxe8 29.
Qxe8+ 1-0

[Event "*** Titled Tuesday Blitz"]
[Site "Chess.com"]
[Date "2021.03.09"]
[Round "7"]
[White "Eloist"]
[Black "eguindy"]
[Result "1-0"]
[WhiteElo "2335"]
[BlackElo "2447"]
[TimeControl "180+1"]
[EndTime "11:21:05 PST"]
[Termination "Eloist won by resignation"]

1. e4 e6 2. d4 d5 3. Nc3 Nf6 4. e5 Nfd7 5. f4 c5 6. Nf3 b6 7. Be3 g6 8. Qd2 h5 9. Ne2 Ba6 10. c3 Nc6 11. g3 Rc8 12. Bg2 Be7 13. h3 Na5 14. b3 Qc7 15. Rc1 cxd4 16. cxd4 Qb8 17.
Rxc8+ Qxc8 18. Kf2 Kf8 19. Rc1 Qb7 20. g4 hxg4 21.
hxg4 Nc6 22. f5 gxf5 23. gxf5 Nb4 24. Nf4 exf5 25. a3 Nc6 26. Nxd5 Rg8 27. Nxe7 Nxe7 28.
Ng5 Nd5 29. Rh1 Bb5 30. Rh7 Bc6 31. Rxf7+ Ke8 32. e6 N7f6 33. Rxb7 Ng4+ 34. Ke1 Ngxe3 35.
Rb8+ Ke7 36. Rxg8 f4 37. Bxd5 1-0

[Event "*** Titled Tuesday Blitz"]
[Site "Chess.com"]
[Date "2021.03.09"]
[Round "7"]
[White "profofchess"]
[Black "ARTHURMOTIVATOR"]
[Result "0-1"]
[WhiteElo "2484"]
[BlackElo "2357"]
[TimeControl "180+1"]
[EndTime "11:21:06 PST"]
[Termination "ARTHURMOTIVATOR won by checkmate"]

1. e4 e5 2. Nf3 Nc6 3. Nc3 Nf6 4. Bb5 Bb4 5. O-O d6 6. d3 O-O 7. Ne2 a6 8. Ba4 Nh5 9. c3 Ba5 10. h3 Bb6 11. d4 Qe7 12. d5 Nd8 13. Be3 f5 14. Bxb6 cxb6 15. exf5 Bxf5 16. Ng3 Bg6 17. Bc2 Bxc2 18. Qxc2 Nf4 19. Rae1 Nxh3+ 20. gxh3 Rxf3 21. Qe4 Qf6 22. Qg4 Nf7 23. Qd7 Ng5 24. Kg2 Rf8 25.
h4 Rxf2+ 26. Kg1 Qf3 27. Rxf2 Qxf2+ 28. Kh1 Qxe1+ 29. Kh2 Rf2# 0-1

[Event "*** Titled Tuesday Blitz"]
[Site "Chess.com"]
[Date "2021.03.09"]
[Round "7"]
[White "kekic76"]
[Black "googlegoom"]
[Result "1-0"]
[WhiteElo "2360"]
[BlackElo "2466"]
[TimeControl "180+1"]
[EndTime "11:21:06 PST"]
[Termination "kekic76 won by checkmate"]

1. e4 c5 2. Nf3 Nc6 3. d4 cxd4 4.
Nxd4 Qb6 5. Nb3 Nf6 6. Nc3 e6 7. Bd3 d6 8. O-O a6 9. Be3 Qc7 10. Qe2 b5 11. a3 Bb7 12. Rae1 Be7 13. f4 b4 14. axb4 Nxb4 15. Kh1 O-O 16. Nd4 Nxd3 17.
cxd3 Rac8 18. f5 e5 19. Nf3 d5 20. Bg5 dxe4 21. dxe4 h6 22. Bxf6 Bxf6 23. Rd1 Rfd8 24. h3 Be7 25. Rxd8+ Rxd8 26. Rd1 Bb4 27. Nd5 Qd6 28.
Kh2 a5 29. Qc4 Ba6 30. Qb3 Kh8 31. Nc3 Qf8 32. Rxd8 Qxd8 33. Qxf7 Qa8 34. Nd5 Bc5 35. f6 Bf8 36. Nxe5 Qb8 37. Nc7 gxf6 38. Ng6# 1-0

[Event "*** Titled Tuesday Blitz"]
[Site "Chess.com"]
[Date "2021.03.09"]
[Round "7"]
[White "ukchessbomber"]
[Black "shaheus"]
[Result "1-0"]
[WhiteElo "2536"]
[BlackElo "2403"]
[TimeControl "180+1"]
[EndTime "11:21:07 PST"]
[Termination "ukchessbomber won on time"]

1. g3 d6 2. Bg2 g6 3. e3 Bg7 4. Ne2 Nf6 5. O-O O-O 6. d4 Nbd7 7. b3 e5 8. Bb2 Re8 9. Nd2 c6 10. Rc1 Qc7 11. Nc4 exd4 12. Qxd4 d5 13. Nd2 Nh5 14. Qh4 Bxb2 15. Rcd1 Bg7 16. g4 Nhf6 17. g5 Ne4 18.
Bxe4 dxe4 19. Nxe4 Qe5 20. N2g3 f5 21. Nd6 Nb6 22. Nxe8 Qxe8 23. Rfe1 Be6 24. e4 Qf7 25. exf5 Bxf5 26. c4 Re8 27. Nxf5 Rxe1+ 28. Rxe1 Qxf5 29. Re8+ Kf7 30. Re4 Nd7 31. Rf4 Ne5 32. Rxf5+ gxf5 33. Qh5+ Ke6 34. Qxh7 Bf8 35. g6 Bc5 36. g7 1-0

[Event "*** Titled Tuesday Blitz"]
[Site "Chess.com"]
[Date "2021.03.09"]
[Round "7"]
[White "J36225"]
[Black "elextranjero00"]
[Result "0-1"]
[WhiteElo "2489"]
[BlackElo "2646"]
[TimeControl "180+1"]
[EndTime "11:21:10 PST"]
[Termination "elextranjero00 won by checkmate"]

1. e4 e6 2. d4 d5 3. Nd2 Be7 4. Ngf3 Nf6 5. Bd3 c5 6. dxc5 O-O 7. O-O a5 8. b3 Na6 9. exd5 exd5 10. Bxa6 Rxa6 11. Bb2 Bxc5 12. Bd4 Bd6 13. Ne5 Bf5 14.
Ndf3 a4 15. c3 Ne4 16. h3 Qc7 17. bxa4 h6 18. Qb3 Re8 19. Ng4 Bxg4 20. hxg4 Qd7 21. Qb5 Rc6 22. Rfe1 Bb8 23. Rab1 Qxg4 24. Qxd5 Rg6 25.
g3 Bxg3 26. Rxb7 Bxf2+ 27. Kf1 Nd2+ 28. Nxd2 Qg1# 0-1

[Event "*** Titled Tuesday Blitz"]
[Site "Chess.com"]
[Date "2021.03.09"]
[Round "7"]
[White "MasterMK73"]
[Black "KingCyber19"]
[Result "0-1"]
[WhiteElo "2298"]
[BlackElo "2491"]
[TimeControl "180+1"]
[EndTime "11:21:10 PST"]
[Termination "KingCyber19 won by resignation"]

1. d4 d5 2. Bf4 Nf6 3. Nf3 c5 4. e3 e6 5. Nbd2 Bd6 6. Bg3 Qc7 7. c3 Nbd7 8. Be2 b6 9. Bxd6 Qxd6 10. dxc5 bxc5 11.
O-O O-O 12. Qc2 Bb7 13. Rad1 Qb6 14. c4 Rac8 15. b3 Rfd8 16. Bd3 Nf8 17. Rfe1 Ng6 18.
Bxg6 hxg6 19. Ne5 Qc7 20. Ndf3 Nd7 21. Nxd7 Rxd7 22. cxd5 exd5 23. Rd2 Rcd8 24. Red1 d4 25. e4 Qc6 26. Re1 Qe6 27. Qc4 Qxc4 28. bxc4 Ba6 29.
Rc1 Rb7 30. Ne5 Rdb8 31. Nc6 Rb1 32. Rdd1 Rxc1 33. Rxc1 Rb2 34. Ne5 Rxa2 35. g3 Bb7 36. Rb1 Bxe4 37. Rb8+ Kh7 38. Nxf7 Ra1+ 0-1

[Event "*** Titled Tuesday Blitz"]
[Site "Chess.com"]
[Date "2021.03.09"]
[Round "7"]
[White "rasmussvane"]
[Black "Dyadya81"]
[Result "1-0"]
[WhiteElo "2946"]
[BlackElo "2728"]
[TimeControl "180+1"]
[EndTime "11:21:12 PST"]
[Termination "rasmussvane won on time"]

1. Nf3 Nf6 2. g3 g6 3. Bg2 Bg7 4. O-O O-O 5. d4 d6 6. Re1 Nbd7 7. e4 e5 8. Nc3 a6 9. a4 exd4 10.
Nxd4 Re8 11. h3 Nc5 12. Bf4 Bd7 13. Qd2 Nh5 14. Bg5 Bf6 15. Bxf6 Nxf6 16. f4 Nh5 17. g4 Ng7 18. f5 c6 19. Rf1 Re5 20.
Rae1 Qb6 21. b3 Qb4 22. Re3 Rae8 23. Rfe1 b5 24. axb5 axb5 25. Nf3 gxf5 26. Nxe5 f4 27. Nxd7 fxe3 28. Nf6+ Kh8 29. Qxe3 Re6 30. Rf1 1-0

[Event "*** Titled Tuesday Blitz"]
[Site "Chess.com"]
[Date "2021.03.09"]
[Round "7"]
[White "RD4ever"]
[Black "German_Bazeev"]
[Result "1-0"]
[WhiteElo "2906"]
[BlackElo "2759"]
[TimeControl "180+1"]
[EndTime "11:21:15 PST"]
[Termination "RD4ever won by resignation"]

1. d4 Nf6 2. c4 e6 3. Nf3 d5 4. g3 Bb4+ 5. Bd2 Be7 6. Bg2 O-O 7.
O-O c6 8. Qb3 a5 9. Bf4 a4 10. Qc2 Qa5 11. Nbd2 a3 12. Nb3 Qa4 13. c5 Na6 14. bxa3 Qxa3 15. Rfb1 Nb4 16. Qb2 Ne4 17. Bd2 Nxd2 18. Nfxd2 e5 19. dxe5 Bf5 20. e4 Bg6 21. f4 Rfd8 22. f5 Bh5 23. exd5 Nxd5 24.
Qxa3 Rxa3 25. Nc4 Ra4 26. Nd6 Rda8 27. Nc1 Ne3 28. Rxb7 Bg5 29. Bxc6 Nc2 30. Bxa4 Nxa1 31. c6 1-0

[Event "*** Titled Tuesday Blitz"]
[Site "Chess.com"]
[Date "2021.03.09"]
[Round "7"]
[White "toog"]
[Black "halldorgretar"]
[Result "1-0"]
[WhiteElo "2379"]
[BlackElo "2240"]
[TimeControl "180+1"]
[EndTime "11:21:16 PST"]
[Termination "toog won on time"]

1. e4 c5 2. Nf3 Nc6 3. d4 cxd4 4. Nxd4 Nf6 5. Nc3 e5 6. Ndb5 d6 7. Bg5 a6 8. Bxf6 gxf6 9. Na3 b5 10. Nd5 f5 11. Bd3 Be6 12. c3 Bxd5 13. exd5 Ne7 14.
Nxb5 Bg7 15. Na3 e4 16. Be2 O-O 17. O-O Ng6 18. Qd2 Qh4 19. Nc4 f4 20. f3 e3 21. Qc2 Qg5 22. Nxd6 Qxd5 23. Rad1 Qg5 24. Bc4 Rad8 25. Rd5 Qh4 26. Rfd1 Ne5 27. Nf5 Qg5 28.
Be2 Rxd5 29. Rxd5 Bf6 30. c4 Rc8 31. b3 Qg6 32. Rxe5 1-0

[Event "*** Titled Tuesday Blitz"]
[Site "Chess.com"]
[Date "2021.03.09"]
[Round "7"]
[White "lacafi"]
[Black "FMLorneTwitch"]
[Result "1-0"]
[WhiteElo "2164"]
[BlackElo "2314"]
[TimeControl "180+1"]
[EndTime "11:21:16 PST"]
[Termination "lacafi won by resignation"]

1. d4 Nf6 2. Nf3 d5 3. e3 Bg4 4. Nbd2 e6 5. c4 c6 6. Be2 Nbd7 7. O-O Bd6 8. b3 O-O 9. Bb2 a5 10. Ne5 Bf5 11. f4 h6 12. Kh1 Ne4 13. Nxe4 Bxe4 14.
Bd3 Nf6 15. Bxe4 Nxe4 16. Qd3 Qh4 17. Kg1 a4 18. Rad1 f5 19. Ng6 Qe7 20. Nxe7+ Bxe7 21. cxd5 exd5 22. Rc1 Ra5 23. b4 Rb5 24. a3 g6 25. Qc2 Ra8 26. Bc3 Kf7 27. Be1 Rb6 28.
h3 Rba6 29. Rf3 b5 30. g4 Rg8 31. Kh2 Bd6 32. Bg3 h5 33. gxh5 gxh5 34. Rg1 Ke6 35. Bh4 Rxg1 36. Kxg1 Bf8 37. Qg2 Ra7 38. Qg6+ Kd7 39.
Qxf5+ Ke8 40. Qc8+ Kf7 41. Qxc6 Kg8 42. Qxd5+ 1-0

[Event "*** Titled Tuesday Blitz"]
[Site "Chess.com"]
[Date "2021.03.09"]
[Round "7"]
[White "Trickster_Pony"]
[Black "DarZay"]
[Result "1-0"]
[WhiteElo "1477"]
[BlackElo "2160"]
[TimeControl "180+1"]
[EndTime "11:21:16 PST"]
[Termination "Trickster_Pony won by checkmate"]

1. e4 c5 2. Nf3 Nc6 3. Be2 e6 4. O-O d5 5. d3 Be7 6. Nbd2 Nf6 7. exd5 exd5 8. c3 O-O 9. d4 cxd4 10. Nxd4 Nxd4 11.
cxd4 Bf5 12. Nb3 Rc8 13. Bf4 Bc2 14. Qe1 Bxb3 15. axb3 Qb6 16. Bf3 Rfe8 17. Qa5 Qxb3 18. Qxa7 b5 19. Be5 h6 20. Qb7 Qxb2 21. Rab1 Qc3 22.
Rxb5 Ne4 23. Qxd5 Nd2 24. Bh5 Nxf1 25. Qxf7+ Kh7 26. Qxg7# 1-0

[Event "*** Titled Tuesday Blitz"]
[Site "Chess.com"]
[Date "2021.03.09"]
[Round "7"]
[White "Zhuu96"]
[Black "Duhless"]
[Result "1-0"]
[WhiteElo "2896"]
[BlackElo "3014"]
[TimeControl "180+1"]
[EndTime "11:21:17 PST"]
[Termination "Zhuu96 won by resignation"]

1. e4 c5 2. Nf3 Nc6 3. Bb5 g6 4. O-O Bg7 5. Re1 e5 6. Bxc6 dxc6 7. a3 a5 8. d3 Qc7 9. Be3 b6 10. Nbd2 Nf6 11. b4 Ng4 12. bxc5 Nxe3 13. Rxe3 bxc5 14. Nb3 c4 15. dxc4 O-O 16. a4 Rd8 17. Qe2 Bf8 18.
h3 f6 19. Nh2 Kg7 20. Rf3 Be7 21. Ng4 h5 22. Ne3 Be6 23. Rg3 h4 24. Rf3 Rd7 25.
Qe1 Bb4 26. Qe2 Rad8 27. Ng4 Be7 28. Qe3 Bxg4 29. hxg4 Rd1+ 30. Rxd1 Rxd1+ 31. Kh2 Qd7 32. Nxa5 Bd8 33. Nb3 Qxg4 34. a5 Qe6 35. Qa7+ Qd7 36. Qxd7+ Rxd7 37. Rd3 Rxd3 38. cxd3 Kf7 39. c5 Bc7 40. a6 Bb8 41. Na5 Ba7 42. Nxc6 Bxc5 43. a7 Bxa7 44. Nxa7 g5 45. Nc6 Ke6 46. Kh3 Kd6 47. Nb4 Kc5 48. Nc2 Kd6 49. Kg4 Ke6 50.
Ne3 1-0

[Event "*** Titled Tuesday Blitz"]
[Site "Chess.com"]
[Date "2021.03.09"]
[Round "7"]
[White "chescomhuynya"]
[Black "dolynachess"]
[Result "1-0"]
[WhiteElo "2580"]
[BlackElo "2428"]
[TimeControl "180+1"]
[EndTime "11:21:17 PST"]
[Termination "chescomhuynya won on time"]

1. e4 c5 2. Nf3 d6 3. d4 cxd4 4. Nxd4 Nf6 5. Nc3 g6 6. Be3 Bg7 7. f3 O-O 8. Qd2 Nc6 9. O-O-O d5 10. Kb1 Nxd4 11. e5 Nf5 12. exf6 exf6 13. Bc5 d4 14. Bxf8 Qxf8 15. Ne4 Ne3 16. Re1 f5 17. Nf2 Be6 18. Nd1 f4 19. g3 Bd5 20.
gxf4 Bxf3 21. Rg1 Nxd1 22. Rxd1 Bxd1 23. Qxd1 Qd6 24. f5 Qxh2 25. Bc4 Rf8 26. fxg6 hxg6 27.
Rxg6 b5 28. Qxd4 Qh7 29. Rg1 bxc4 30. Qxa7 c3 31. b3 Qf5 32. Qd4 1-0

[Event "*** Titled Tuesday Blitz"]
[Site "Chess.com"]
[Date "2021.03.09"]
[Round "7"]
[White "kidagent"]
[Black "Kislov_Oleg"]
[Result "1-0"]
[WhiteElo "2335"]
[BlackElo "2471"]
[TimeControl "180+1"]
[EndTime "11:21:19 PST"]
[Termination "kidagent won on time"]

1. e4 e6 2. d4 d5 3. Nd2 Nf6 4. e5 Nfd7 5. f4 c5 6. c3 Nc6 7. Ne2 Qb6 8. Nf3 Be7 9. g3 cxd4 10. cxd4 Bb4+ 11. Kf2 f6 12. Be3 O-O 13. Bh3 fxe5 14. dxe5 Nc5 15. Kg2 d4 16. Nexd4 Nxd4 17. Nxd4 Na6 18.
Qf3 Bc5 19. Rad1 Bd7 20. Rhe1 Qxb2+ 21. Rd2 Qa3 22. Bxe6+ Bxe6 23. Nxe6 Rfc8 24. Qg4 Bf8 25. Rd7 g6 26. f5 Rc2+ 27. Kh3 Qxa2 28. Rh1 Rc4 29. Qg5 1-0

[Event "*** Titled Tuesday Blitz"]
[Site "Chess.com"]
[Date "2021.03.09"]
[Round "7"]
[White "AniJak"]
[Black "annacramling"]
[Result "1-0"]
[WhiteElo "2321"]
[BlackElo "2044"]
[TimeControl "180+1"]
[EndTime "11:21:20 PST"]
[Termination "AniJak won on time"]

1. e4 c5 2. Nc3 Nc6 3. g3 g6 4. Bg2 Bg7 5. d3 d6 6. Nh3 e5 7. O-O Nge7 8. f4 O-O 9. f5 gxf5 10. exf5 Bxf5 11. Rxf5 Nxf5 12. Be4 Ncd4 13. Qh5 Qf6 14. Nd5 Qg6 15. Ne7+ Nxe7 16. Bxg6 fxg6 17.
Qd1 Rf5 18. c3 Nf3+ 19. Kg2 Raf8 20. Be3 Nd5 21. Qe2 Nxe3+ 22. Qxe3 Rh5 23. Rf1 Bh6 24. Qe2 Rhf5 25. Rf2 Nd2 26. Rxf5 Rxf5 27. g4 Rf7 28. g5 Nf3 29. gxh6 Nh4+ 30. Kh1 Nf5 31. Ng5 Re7 32. Ne4 Nxh6 33. Qe3 1-0

[Event "*** Titled Tuesday Blitz"]
[Site "Chess.com"]
[Date "2021.03.09"]
[Round "7"]
[White "francyIM"]
[Black "ErikRonka"]
[Result "1-0"]
[WhiteElo "2599"]
[BlackElo "2400"]
[TimeControl "180+1"]
[EndTime "11:21:21 PST"]
[Termination "francyIM won on time"]

1. d4 d5 2. c4 e6 3. Nc3 a6 4.
cxd5 exd5 5. Qb3 c5 6. Nxd5 Nc6 7. Nf3 cxd4 8. Bf4 Bd6 9. Bxd6 Qxd6 10. Nb6 Be6 11. Qa4 Rd8 12. Rc1 Qc7 13. Qa5 Rd5 14. Rc5 Nxa5 15. Rxc7 Rb5 16. Na4 Bxa2 17. Rc8+ Kd7 18.
Ra8 Rb4 19. Nc5+ Kc6 20. Nd3 Ra4 21. g3 Bd5 22. Bg2 Nb3 23. O-O f6 24. Rd1 h5 25.
Nh4 g5 26. Ng6 1-0

[Event "*** Titled Tuesday Blitz"]
[Site "Chess.com"]
[Date "2021.03.09"]
[Round "7"]
[White "vovachesss"]
[Black "Nozdrachev_Leonid"]
[Result "1-0"]
[WhiteElo "2697"]
[BlackElo "2525"]
[TimeControl "180+1"]
[EndTime "11:21:22 PST"]
[Termination "vovachesss won by resignation"]

1. b3 Nf6 2. Bb2 e6 3. e3 Be7 4.
Nf3 O-O 5. d4 b6 6. Bd3 Bb7 7.
O-O d5 8. Nbd2 c5 9. a3 Nc6 10. Qe2 Rc8 11. Rfd1 Qc7 12. h3 Qb8 13. Rac1 Rfd8 14.
c4 cxd4 15. Nxd4 Nxd4 16. exd4 dxc4 17. bxc4 Qf4 18. Nf1 Ne4 19. g3 Qf5 20. Re1 Nxg3 21. Nxg3 Qxh3 22. Be4 Bxe4 23. Qxe4 Bf6 24. Re3 h5 25.
Qf4 Qg4 26. Qxg4 hxg4 27. Ne4 Bxd4 28. Bxd4 Rxd4 29. c5 bxc5 30. Rxc5 Rxc5 31. Nxc5 g5 32. Kg2 Kh7 33. Rb3 Kg6 34. Rb7 Rc4 35. Nd3 f6 36.
Rxa7 e5 37. a4 Rc3 38. Nb4 f5 39. a5 f4 40. a6 g3 41. Rb7 Ra3 42. a7 gxf2 43.
Rb6+ Kh5 44. Ra6 Rg3+ 45. Kxf2 e4 46. a8=Q e3+ 47. Ke2 Kg4 48. Qc8+ 1-0

[Event "*** Titled Tuesday Blitz"]
[Site "Chess.com"]
[Date "2021.03.09"]
[Round "7"]
[White "CroissantNeuf"]
[Black "Trickov"]
[Result "0-1"]
[WhiteElo "2484"]
[BlackElo "2382"]
[TimeControl "180+1"]
[EndTime "11:21:22 PST"]
[Termination "Trickov won by resignation"]

1. e4 c5 2. Nf3 d6 3. d4 Nf6 4. Nc3 cxd4 5. Nxd4 a6 6. Be3 e5 7. Nb3 Be6 8. f3 Nbd7 9. Qd2 b5 10. a4 b4 11. Nd5 Bxd5 12. exd5 Nb6 13. Qxb4 Nbxd5 14. Qd2 Nxe3 15. Qxe3 Be7 16. Bd3 O-O 17. O-O Re8 18. a5 d5 19. Rfe1 e4 20. Bf1 Qc7 21.
Nd4 Bc5 22. c3 Qa7 23. Red1 exf3 24. Qxf3 Re4 25. Ra4 Qd7 26. Raa1 Rae8 27. b4 Ba7 28. Kh1 Re3 29. Qf4 Rxc3 30. Nf5 Ne4 31. Qg4 Nf2+ 0-1

[Event "*** Titled Tuesday Blitz"]
[Site "Chess.com"]
[Date "2021.03.09"]
[Round "7"]
[White "Balla_Tamas"]
[Black "Sagar_Raina"]
[Result "0-1"]
[WhiteElo "2460"]
[BlackElo "2295"]
[TimeControl "180+1"]
[EndTime "11:21:22 PST"]
[Termination "Sagar_Raina won on time"]

1. d4 Nf6 2. Bf4 e6 3. e3 d5 4. c4 Bb4+ 5. Nc3 Ne4 6. Qb3 c5 7. Bd3 O-O 8. Ne2 Nc6 9. a3 Ba5 10. O-O Nd2 11. Qc2 Nxf1 12. Rxf1 cxd4 13. exd4 h6 14.
c5 Bc7 15. Be3 e5 16. dxe5 d4 17. Bh7+ Kh8 18. Rd1 Bxe5 19. Nb5 Bxh2+ 20. Kf1 Qh4 21.
Nexd4 Bg4 22. f3 Bd7 23. Be4 Bg3 24. Nxc6 Bxc6 25. Bxc6 bxc6 26. Nd4 Qh1+ 27. Bg1 Rad8 28. Nf5 Bh2 0-1

[Event "*** Titled Tuesday Blitz"]
[Site "Chess.com"]
[Date "2021.03.09"]
[Round "7"]
[White "lagedema"]
[Black "kuba2006"]
[Result "0-1"]
[WhiteElo "2466"]
[BlackElo "2353"]
[TimeControl "180+1"]
[EndTime "11:21:22 PST"]
[Termination "kuba2006 won by resignation"]

1. e4 Nf6 2. e5 Nd5 3. c4 Nb6 4. a4 a5 5. Ra3 d6 6. exd6 cxd6 7. d4 g6 8. d5 Bg7 9. h4 h5 10. Nc3 O-O 11. Nf3 Bg4 12. Be3 N6d7 13. Be2 Na6 14. O-O Rc8 15. Nd2 Bxe2 16. Qxe2 Nb4 17. Rc1 Ne5 18.
Nb5 Qd7 19. Nf3 Nxf3+ 20. Qxf3 Bxb2 21. Rac3 Bxc1 22. Rxc1 Nd3 23. Rc3 Ne5 24. Qe4 Qf5 25. Qd4 Qg4 26. Qxg4 hxg4 27. c5 dxc5 28. Bxc5 g3 29.
fxg3 Ng4 30. Bxe7 Rxc3 31. Nxc3 Rc8 32. Ne2 Rc2 33. Kf1 Ne3+ 34. Ke1 Nxd5 35. Bd8 Ra2 36. Bxa5 Rxa4 37. Bd2 Ra1+ 38. Kf2 b5 39. Kf3 Ra2 40. Be1 b4 41. Ke4 Rxe2+ 42. Kxd5 Rxe1 0-1

[Event "*** Titled Tuesday Blitz"]
[Site "Chess.com"]
[Date "2021.03.09"]
[Round "7"]
[White "KruHor"]
[Black "noblerone"]
[Result "1-0"]
[WhiteElo "2535"]
[BlackElo "2389"]
[TimeControl "180+1"]
[EndTime "11:21:23 PST"]
[Termination "KruHor won by resignation"]

1. e4 c5 2. Nf3 e6 3. c3 d5 4.
exd5 Qxd5 5. d4 Nf6 6. Bd3 Nc6 7. O-O Be7 8. Be3 O-O 9. dxc5 Bxc5 10. Bxh7+ Kxh7 11. Qxd5 Nxd5 12. Bxc5 Rd8 13. Rd1 b6 14. Ba3 Bb7 15.
Nbd2 Nf4 16. Nc4 f6 17. Nd6 Ba6 18. c4 e5 19. b3 Ne2+ 20. Kf1 Ned4 21. Nxd4 Nxd4 22.
Rd2 b5 23. Rad1 bxc4 24. bxc4 Rd7 25. Bc5 Ne6 26. Bb4 Nd4 27. Ke1 Rc7 28. c5 Rb8 29.
a3 Kg6 30. f3 Rh8 31. h3 Rb8 32. Kf2 Rh8 33. Re1 Rb8 34. f4 Nc6 35. fxe5 Nxe5 36.
Kg1 Nc4 37. Rd4 Nxd6 38. cxd6 Rd7 39. Re7 Rbd8 40. Rg4+ Kf5 41. Rgxg7 Rxe7 42. Rxe7 Ra8 43. d7 Bb5 44. Ba5 1-0

[Event "*** Titled Tuesday Blitz"]
[Site "Chess.com"]
[Date "2021.03.09"]
[Round "7"]
[White "The_filthy"]
[Black "WiktoriaPOL"]
[Result "1-0"]
[WhiteElo "2323"]
[BlackElo "2077"]
[TimeControl "180+1"]
[EndTime "11:21:25 PST"]
[Termination "The_filthy won by checkmate"]

1. e4 c5 2. Nf3 d6 3. d4 cxd4 4. Nxd4 Nf6 5. Nc3 a6 6. Be3 e5 7.
Nb3 Be6 8. f3 Nbd7 9. Qd2 b5 10.
O-O-O Be7 11. g4 Nb6 12. g5 Nfd7 13. h4 Nc4 14. Qf2 Nxe3 15. Qxe3 Nb6 16. Nd5 Bxd5 17. exd5 Nc4 18. Bxc4 bxc4 19. Nd2 Rc8 20. Ne4 Qa5 21.
Kb1 Rb8 22. c3 Qb5 23. Rd2 a5 24. f4 exf4 25. Qxf4 O-O 26. Rg1 a4 27. Nf6+ Kh8 28. Qf5 g6 29. Qf3 a3 30. h5 Qc5 31. Rh1 Rxb2+ 32.
Rxb2 axb2 33. hxg6 Kg7 34. Qh5 Rh8 35. Qh6# 1-0

[Event "*** Titled Tuesday Blitz"]
[Site "Chess.com"]
[Date "2021.03.09"]
[Round "7"]
[White "Gahan-MG"]
[Black "maximnovik"]
[Result "1/2-1/2"]
[WhiteElo "2672"]
[BlackElo "2555"]
[TimeControl "180+1"]
[EndTime "11:21:26 PST"]
[Termination "Game drawn - insufficient material"]

1. e4 c6 2. d4 d5 3. exd5 cxd5 4. c4 Nf6 5. Nc3 g6 6. Qb3 Bg7 7. cxd5 O-O 8. Be2 Na6 9. Bf3 Qb6 10. Qxb6 axb6 11. Nge2 Nb4 12. O-O Rd8 13. Nf4 Nc2 14.
Be3 Nxa1 15. Rxa1 Bg4 16. Bxg4 Nxg4 17. h4 Nxe3 18. fxe3 Bh6 19. g3 Rac8 20. Kf2 b5 21. a3 Bxf4 22. gxf4 Rc4 23. Ke2 b4 24. Kd3 Rdc8 25.
Na4 bxa3 26. Rxa3 Rc1 27. Nc5 b6 28. Nd7 Rd1+ 29. Ke4 Rc2 30. Rb3 Rdd2 31. Rxb6 Rxb2 32. Rc6 Rh2 33. h5 Rxh5 34. d6 exd6 35. Nf6+ Kg7 36. Nxh5+ gxh5 37. Rxd6 h4 38. Rd5 Kg6 39. Rg5+ Kh6 40.
d5 h3 41. Rg3 h2 42. Rh3+ Kg6 43. Ke5 h5 44. e4 Rd2 45. Kd6 f6 46. e5 fxe5 47.
fxe5 Kg5 48. e6 Kg4 49. Rxh2 Rxh2 50. e7 Re2 51. Kd7 h4 52. d6 h3 53. e8=Q Rxe8 54. Kxe8 h2 55. d7 h1=Q 56. d8=Q Qh8+ 57. Ke7 Qxd8+ 58.
Kxd8 1/2-1/2

[Event "*** Titled Tuesday Blitz"]
[Site "Chess.com"]
[Date "2021.03.09"]
[Round "7"]
[White "GM_LOADING"]
[Black "DanielDardha2005"]
[Result "1-0"]
[WhiteElo "2560"]
[BlackElo "2663"]
[TimeControl "180+1"]
[EndTime "11:21:26 PST"]
[Termination "GM_LOADING won by resignation"]

1. d4 Nf6 2. Nf3 g6 3. Bg5 Bg7 4. Nbd2 d5 5. e3 O-O 6. Bd3 c5 7. c3 b6 8. O-O Ba6 9. Bxa6 Nxa6 10. Ne5 Qc8 11. f4 e6 12. Bxf6 Bxf6 13. g4 Nc7 14. g5 Be7 15. Qg4 Ne8 16. Rf3 f5 17. gxf6 Nxf6 18.
Qg2 Qe8 19. Kh1 Bd6 20. Raf1 Qe7 21. Ng4 Nxg4 22. Qxg4 Rf5 23. Rg3 cxd4 24. cxd4 Rc8 25. Nf3 Rc2 26. Rg2 Qc7 27. Rfg1 Rxg2 28. Qxg2 Qc4 29.
Ng5 Qc8 30. Nxh7 Qe8 31. Ng5 Qe7 32. Nf3 Qf6 33. Qxg6+ Qxg6 34. Rxg6+ Kf7 35. Rh6 Bf8 36. Ng5+ Rxg5 37. fxg5 Bxh6 38. gxh6 Kg6 39. Kg2 Kxh6 40. Kg3 Kg5 41. h4+ Kf5 42. Kf3 e5 43. b3 a5 44. a4 exd4 45. exd4 Ke6 46. Kf4 Kf6 47. h5 Ke6 48. Kg5 Kf7 49. Kf5 Kg7 50. Ke5 Kh6 51.
Kxd5 Kxh5 52. Kc6 1-0

[Event "*** Titled Tuesday Blitz"]
[Site "Chess.com"]
[Date "2021.03.09"]
[Round "7"]
[White "13MiRacLe"]
[Black "FMJoseHerrera"]
[Result "1-0"]
[WhiteElo "2686"]
[BlackElo "2519"]
[TimeControl "180+1"]
[EndTime "11:21:27 PST"]
[Termination "13MiRacLe won by resignation"]

1. e4 c5 2. Nf3 e6 3. d4 cxd4 4. Nxd4 a6 5. Bd3 Qc7 6. O-O b6 7. c4 Bb7 8. b3 d6 9. Bb2 Nd7 10.
Nc3 Ngf6 11. Qe2 Be7 12. f4 h5 13. Rae1 O-O-O 14. Nd5 exd5 15. cxd5 Nc5 16. Rc1 Kb8 17. b4 Ka7 18. bxc5 dxc5 19. Nf5 g6 20. d6 Bxd6 21. Bxf6 gxf5 22. Bxd8 Qxd8 23. e5 Rg8 24. Rf2 Be7 25.
Bxf5 Qd4 26. Kf1 a5 27. Rd1 Qb4 28. Rd7 Rd8 29. Rxe7 Kb8 30. Rxb7+ Kxb7 31. Qe4+ Qxe4 32. Bxe4+ Ka6 33. f5 Re8 34. e6 fxe6 35. Bc6 Re7 36. f6 Rf7 37. Be8 Rf8 38. f7 1-0